 Dungeon Crawl Stone Soup version 0.25.0-46-gbd7b0854d2 (webtiles) character file.

Game seed: 11741106726364633311

10040 Atelerd the Destroyer (level 11, -6/72 HPs)
             Began as an Octopode Wizard on July 11, 2020.
             Was an Elder of Sif Muna.
             Killed from afar by a steam dragon (17 damage)
             ... with a ball of steam
             ... on level 11 of the Dungeon on July 12, 2020.
             The game lasted 00:38:43 (15170 turns).

Atelerd the Destroyer (Octopode Wizard)            Turns: 15170, Time: 00:38:43

Health: -6/72      AC:  2    Str:  6    XL:     11   Next: 55%
Magic:  4/24       EV: 15    Int: 24    God:    Sif Muna [****..]
Gold:   319        SH:  0    Dex: 15    Spells: 19/28 levels left

rFire    . . .     SeeInvis .   M - +9 scimitar "Tierin" {vorpal, rElec rN+++ Dex+4}
rCold    . . .     Gourm    .   (no shield)
rNeg     + + +     Faith    .   a - +1 hat
rPois    .         Spirit   .   (no amulet)
rElec    +         Reflect  .   (no ring)
rCorr    .         Harm     .   j - ring of positive energy
MR       .....                  b - ring of flight
Stlth    ++++......             (no ring)
HPRegen  0.22/turn              (no ring)
MPRegen  0.19/turn              (no ring)
                                (no ring)
                                (no ring)

@: no status effects
A: almost no armour, stealthy swim, amphibious, 8 rings, constrict 8, camouflage
1, gelatinous body 1
a: Channel Magic, Forget Spell, Divine Exegesis, Renounce Religion, Evoke Flight


You were on level 11 of the Dungeon.
You worshipped Sif Muna.
Sif Muna was greatly pleased with you.
You were not hungry.

You visited 1 branch of the dungeon, and saw 11 of its levels.

You collected 544 gold pieces.
You spent 225 gold pieces at shops.

Inventory:

Hand Weapons
 E - a +4 short sword of freezing
 M - the +9 scimitar "Tierin" (weapon) {vorpal, rElec rN+++ Dex+4}
   (You bought it in a shop on level 8 of the Dungeon)

   It inflicts extra damage upon your enemies.
   It affects your dexterity (+4).
   It insulates you from electricity.
   It renders you almost immune to negative energy.
Armour
 a - a +1 hat (worn)
Magical Staves
 v - an uncursed staff of poison
 x - an uncursed staff of conjuration
Jewellery
 b - a ring of flight (on tentacle)
 j - a ring of positive energy (right tentacle)
 t - an uncursed ring of ice
Wands
 y - a wand of polymorph (8)
 z - a wand of iceblast (7)
 B - a wand of clouds (2)
 D - a wand of random effects (46)
 H - a wand of enslavement (7)
 J - a wand of acid (7)
Scrolls
 d - 2 scrolls of fog {unknown}
 g - a scroll of immolation
 h - 2 scrolls of remove curse
 m - a scroll of enchant armour
 n - a scroll of random uselessness
 q - a scroll of enchant weapon
 u - 6 scrolls of teleportation {unknown}
 w - a scroll of noise
 G - 2 scrolls of amnesia
 I - 2 scrolls of identify
 K - a scroll of magic mapping {unknown}
Potions
 e - a potion of lignification
 f - 6 potions of curing
 k - 3 potions of might
 o - 2 potions of invisibility
 p - 2 potions of flight {unknown}
 r - a potion of brilliance
 s - 3 potions of haste
 A - a potion of mutation {unknown}
 C - 2 potions of stabbing {unknown}
 F - 4 potions of degeneration
 L - a potion of ambrosia {unknown}
 N - a potion of experience {unknown}
Comestibles
 c - 17 rations


   Skills:
 - Level 6.0 Fighting
 - Level 2.0(2.6) Short Blades
 - Level 2.6(3.0) Long Blades
 + Level 4.2 Dodging
 + Level 4.7 Stealth
 + Level 9.4 Spellcasting
 + Level 9.9 Conjurations
   Level 1.0 Summonings
 - Level 1.0 Translocations
 - Level 2.0 Poison Magic
 - Level 8.0 Invocations


You had 19 spell levels left.
You knew the following spells:

 Your Spells              Type           Power        Failure   Level  Hunger
a - Magic Dart            Conj           ####         1%          1    None
b - Mephitic Cloud        Conj/Pois/Air  ####....     3%          3    None
c - Blink                 Tloc           N/A          5%          2    None
d - Conjure Flame         Conj/Fire      #####...     2%          3    None

Your spell library contained the following spells:

 Spells                   Type           Power        Failure   Level  Hunger
 Beastly Appendage        Tmut           ##....       5%          1    None
 Corona                   Hex            ##.....      5%          1    None
 Call Imp                 Summ           ###.....     5%          2    None
 Slow                     Hex            ##......     9%          2    None
 Sticks to Snakes         Tmut           ##......     9%          2    None
 Spider Form              Tmut/Pois      ###.......   11%         3    None
 Portal Projectile        Hex/Tloc       ##....       14%         3    None
 Confusing Touch          Hex            ##......     17%         3    None
 Inner Flame              Hex/Fire       ##......     17%         3    None
 Tukima's Dance           Hex            ##......     17%         3    None
 Cause Fear               Hex            ##........   50%         4    ##.....
 Ice Form                 Ice/Tmut       ##......     50%         4    ##.....
 Leda's Liquefaction      Hex/Erth       ##........   50%         4    ##.....
 Blade Hands              Tmut           ##........   83%         5    ####...
 Simulacrum               Ice/Necr       ##........   100%        6    ######.


Dungeon Overview and Level Annotations

Branches:
Dungeon (11/15)            Temple (0/1) D:5
   Lair: D:8-11         Orc: D:9-12

Altars:
Ashenzari
Dithmenos
Elyvilon
Fedhas
Gozag
Okawaru
Qazlal
Ru
Sif Muna
Vehumet
Wu Jian

Shops:
D:6 [   D:7 %   D:8 *   D:9 (   D:11 *

Annotations:
D:4 4 runed translucent doors
D:7 3 runed translucent doors, iamserjio's ghost, novice GnIE


Innate Abilities, Weirdness & Mutations

You cannot wear most types of armour.
You are very stealthy in the water. (Stealth+)
You are amphibious.
You can wear up to eight rings at the same time.
You can use your tentacles to constrict eight enemies at once.
Your skin changes colour to match your surroundings (Stealth+).
Your rubbery body absorbs attacks. (AC +1, EV +1)


Message History

The steam dragon claws you.
* * * LOW HITPOINT WARNING * * *
Unknown command.
Unknown command.
Casting: Blink (safe; 5% risk of failure)
Confirm with . or Enter, or press ? or * to list all spells.
You blink.
The steam dragon breathes steam at you. The ball of steam misses you.
You hear a loud, deep croak!
Okay, then.
Okay, then.
Casting: Blink (safe; 5% risk of failure)
Confirm with . or Enter, or press ? or * to list all spells.
You can't see any susceptible monsters within range! (Use Z to cast anyway.)
As you read the scroll of fear, it crumbles to dust.
You assume a fearsome visage.
The steam dragon looks frightened!
The steam dragon breathes steam at you. The ball of steam hits you!
You die...

#.........# ##.######.# #..#
#.# ##.# ### #.# #.# ## #.#
####.#### #.###.###...####
#### #........###.@§###
#####.#.##.
########..#####§.###.##.#....)
#### ##§.§D###.......
##..§†D.....##. ##########.# #


There were no monsters in sight!

Vanquished Creatures
  A two-headed ogre (D:10)
  A cyclops (D:9)
  Joseph (D:7)
  A centaur zombie (D:11)
  Maggie (D:10)
  A komodo dragon (D:11)
  A troll (D:10)
  Grinder (D:3)
  2 hippogriffs
  A wyvern (D:10)
  A wraith (D:11)
  18 yaks
  A hungry ghost (D:10)
  3 sky beasts
  5 orc warriors
  An eye of draining (D:11)
  2 ice beasts
  2 black bears
  2 phantoms
  3 ogres
  2 centaurs
  A crocodile (D:10)
  5 bullfrogs
  A water moccasin zombie (D:7)
  2 scorpions
  4 killer bees
  8 wights
  A howler monkey (D:7)
  4 crimson imps
  6 orc priests
  2 centaur skeletons
  3 hounds
  3 jellies
  A gnoll shaman (D:9)
  8 orc wizards
  3 bullfrog skeletons
  Jessica (D:2)
  2 iguanas
  4 worker ants
  A hound skeleton (D:4)
  A worker ant zombie (D:9)
  Robin (D:3)
  3 gnolls (D:9)
  7 adders
  A shadow imp (D:6)
  An adder skeleton (D:7)
  An adder zombie (D:9)
  3 worms
  4 leopard geckos
  31 orcs
  3 ball pythons
  3 giant cockroaches
  8 hobgoblins
  5 jackals (D:9)
  2 quokkas
  2 bats
  3 frilled lizards
  14 goblins
  4 kobolds
  6 rats
214 creatures vanquished.

Notes
Turn   | Place    | Note
-------+----------+-------------------------------------------
     0 | D:1      | Atelerd the Octopode Wizard began the quest for the Orb.
     0 | D:1      | Reached XP level 1. HP: 11/11 MP: 4/4
   413 | D:1      | Reached XP level 2. HP: 17/17 MP: 6/6
   971 | D:2      | Reached XP level 3. HP: 19/21 MP: 0/7
   976 | D:2      | Learned a level 3 spell: Mephitic Cloud
   980 | D:2      | Learned a level 3 spell: Conjure Flame
  1198 | D:2      | Noticed Jessica
  1626 | D:2      | Found a stormy altar of Qazlal.
  1720 | D:2      | Killed Jessica
  1720 | D:2      | Reached XP level 4. HP: 27/27 MP: 4/9
  2080 | D:3      | Noticed Robin
  2203 | D:3      | Found an iron altar of Okawaru.
  2343 | D:3      | Found a shimmering blue altar of Sif Muna.
  2423 | D:3      | Became a worshipper of Sif Muna the Loreminder
  3035 | D:3      | Noticed Grinder
  3049 | D:3      | Paralysed by Grinder for 2 turns
  3054 | D:3      | Killed Grinder
  3054 | D:3      | Reached XP level 5. HP: 8/34 MP: 9/11
  3054 | D:3      | Reached XP level 6. HP: 9/39 MP: 9/12
  3244 | D:3      | Killed Robin
  3467 | D:4      | HP: 2/40 [poisoned by a worker ant]
  3768 | D:4      | Learned a level 2 spell: Blink
  3831 | D:4      | Found a radiant altar of Vehumet.
  4164 | D:4      | Found a large runed translucent door.
  4168 | D:4      | Found a large runed translucent door.
  4172 | D:4      | Reached XP level 7. HP: 39/45 MP: 8/13
  4337 | D:4      | Found a large runed translucent door.
  4337 | D:4      | Found a large runed translucent door.
  4390 | D:4      | Reached * piety under Sif Muna
  4390 | D:4      | Reached skill level 1 in Poison Magic
  4485 | D:4      | Noticed a yak
  4642 | D:4      | Killed a yak
  4945 | D:5      | Entered Level 5 of the Dungeon
  4955 | D:5      | Reached skill level 1 in Invocations
  5039 | D:5      | Upgraded the game from 0.25.0-45-g978344163c to
                  | 0.25.0-46-gbd7b0854d2
  5199 | D:5      | Found a staircase to the Ecumenical Temple.
  6104 | D:6      | Reached XP level 8. HP: 52/52 MP: 9/15
  6252 | D:6      | Reached skill level 5 in Conjurations
  6320 | D:6      | Found Roaske's Antique Armour Shoppe.
  6405 | D:6      | Reached skill level 5 in Spellcasting
  6807 | D:6      | Found a sacrificial altar of Ru.
  7051 | D:6      | Found a shadowy altar of Dithmenos.
  7090 | D:7      | Reached skill level 1 in Short Blades
  7651 | D:7      | Found Pipoido's Food Emporium.
  7655 | D:7      | Noticed Joseph
  7662 | D:7      | Reached ** piety under Sif Muna
  7677 | D:7      | Killed Joseph
  7677 | D:7      | Reached XP level 9. HP: 50/58 MP: 3/17
  7983 | D:7      | Reached skill level 5 in Invocations
  8360 | D:7      | Found a runed translucent gate.
  8360 | D:7      | Found a runed translucent gate.
  8360 | D:7      | Found a runed translucent gate.
  8360 | D:7      | Noticed iamserjio's ghost (novice GnIE)
  8894 | D:8      | Found Ypporaac's Assorted Antiques.
  8908 | D:8      | Bought a transparent scimitar for 225 gold pieces
  8909 | D:8      | Identified the +9 scimitar "Tierin" {vorpal, rElec rN+++
                  | Dex+4} (You bought it in a shop on level 8 of the Dungeon)
  8995 | D:8      | Identified the Reference Book on Captivating Sinister Arts
  9702 | D:9      | Found Fajog's Weapon Boutique.
  9759 | D:9      | Found an opulent altar of Gozag.
  9759 | D:9      | Found an ornate altar of the Wu Jian Council.
  9760 | D:9      | Found a blossoming altar of Fedhas.
  9826 | D:9      | Found a white marble altar of Elyvilon.
  9923 | D:9      | Found a shattered altar of Ashenzari.
  9947 | D:9      | Noticed a cyclops
  9972 | D:9      | Killed a cyclops
  9972 | D:9      | Reached XP level 10. HP: 22/63 MP: 8/20
 10643 | D:9      | Reached skill level 1 in Long Blades
 11015 | D:10     | Entered Level 10 of the Dungeon
 11047 | D:10     | HP: 2/65 [ogre/+0 giant club (15)]
 11407 | D:10     | Noticed Maggie
 11426 | D:10     | Killed Maggie
 11632 | D:10     | Reached skill level 5 in Fighting
 11634 | D:10     | Reached *** piety under Sif Muna
 11975 | D:10     | Noticed a two-headed ogre
 11988 | D:10     | Killed a two-headed ogre
 12087 | D:10     | Reached XP level 11. HP: 11/72 MP: 16/23
 13851 | D:11     | Found Amauf's General Store.
 14503 | D:11     | Reached **** piety under Sif Muna
 15170 | D:11     | Killed from afar by a steam dragon

Illustrated notes

Levels and vault maps discovered:
D:1:      dpeg_arrival_radiant, layout_basic
D:2:      layout_loops_ring, nicolae_overflow_hidden_temple, first_ration,
          nicolae_qazlal_general_emergency, uniq_jessica
D:3:      layout_rooms, okawaru_ov_weapons_minmay, lemuel_round_altar,
          uniq_grinder, uniq_robin
D:4:      layout_rooms, kennysheep_mini, minmay_hollow_rounded_squares
D:5:      layout_basic, temple_pool_b
D:6:      layout_cave_pools, grunt_dithmenos_smoke_and_mirrors,
          hangedman_ru_absence, serial_shops, nicolae_shop_overgrown_old_shop
D:7:      layout_basic, ebering_ghost_rock_garden, serial_shops, shop,
          uniq_joseph
D:8:      layout_layer_cave, serial_shops, nicolae_shop_statue_plus
D:9:      layout_gridville, nicolae_ashenzari_panopticon,
          nicolae_overflow_quartered_altars, serial_shops, nicolae_shop_crystal
D:10:     kennysheep_spiral_hall, layout_irregular_city, uniq_maggie
D:11:     layout_loops_ring, erik_lair_dragon, serial_shops, shop_fountains

Skill      XL: |  1  2  3  4  5  6  7  8  9 10 11 |
---------------+----------------------------------+-----
Conjurations   | 2 3 4 5 7 8 9 |  9.9
Fighting       | 2 3 4 5 6 |  6.0
Stealth        | 3 4 |  4.7
Spellcasting   | 4 5 7 8 9 |  9.4
Dodging        | 3 4 |  4.2
Poison Magic   | 2 |  2.0
Invocations    | 2 4 6 8 |  8.0
Short Blades   | 2 |  2.0
Long Blades    | 2 |  2.6
Summonings     | |  1.0
Translocations | |  1.0

Action                   |  1- 3 |  4- 6 |  7- 9 | 10-12 || total
-------------------------+-------+-------+-------+-------++-------
Melee: Short sword       |    46 |    28 |    14 |       ||    88
       Constrict         |    13 |    18 |    31 |    22 ||    84
       Unarmed           |     3 |       |       |       ||     3
       Tentacles         |     4 |     8 |    24 |    34 ||    70
       Falchion          |       |    37 |       |       ||    37
       Dagger            |       |       |   119 |       ||   119
       Scimitar          |       |       |    35 |   168 ||   203
 Cast: Magic Dart        |    22 |    47 |    98 |   159 ||   326
       Mephitic Cloud    |     1 |     3 |    19 |    36 ||    59
       Blink             |       |       |    15 |    14 ||    29
       Conjure Flame     |       |       |    12 |    21 ||    33
Invok: Channel Magic     |       |       |       |     1 ||     1
Evoke: Wand              |       |       |     9 |     7 ||    16
  Use: Potion            |       |     1 |       |     1 ||     2
       Scroll            |       |     6 |     9 |     5 ||    20
 Stab: Sleeping          |     2 |     4 |     7 |     5 ||    18
       Confused          |     1 |     1 |     4 |     8 ||    14
  Eat: Chunk             |     2 |     8 |     9 |    17 ||    36
       Ration            |       |       |     3 |       ||     3
Armor: Skin              |     1 |     5 |     7 |    11 ||    24
Dodge: Dodged            |    26 |    53 |    93 |   105 ||   277
       Rpst.: Falchion   |       |    10 |       |       ||    10
       Scimitar          |       |       |    14 |    23 ||    37
